 Dungeon Crawl Stone Soup version 0.28-a0-445-g51f8dfeb47 (webtiles) character file.

Game seed: 15707536958527973868

61 Morbidden the Stinger (level 3, 1/27 HPs)
             Began as a Demigod Venom Mage on Sept 13, 2021.
             Quit the game on level 2 of the Dungeon.
             The game lasted 00:02:09 (1405 turns).

Morbidden the Stinger (Demigod Venom Mage)          Turns: 1405, Time: 00:02:10

Health: 1/27       AC:  3    Str:  9    XL:     3   Next: 58%
Magic:  0/9        EV: 12    Int: 21    God:
Gold:   23         SH:  0    Dex: 14    Spells: 3/6 levels left

rFire   . . .      SeeInvis .   i - +3 mace
rCold   . . .      Faith    .   (no shield)
rNeg    . . .      Spirit   .   a - +0 robe
rPois   .          Reflect  .   j - +0 helmet
rElec   .          Harm     .   (no cloak)
rCorr   .          Rampage  .   (no gloves)
Will    .....                   (no boots)
Stlth   ++........              (no amulet)
HPRegen 0.09/turn               (no ring)
MPRegen 0.11/turn               (no ring)

@: lethally poisoned (1 -> 0), very slightly contaminated
A: high mp 1, forlorn
a: no special abilities


You were on level 2 of the Dungeon.
You visited 1 branch of the dungeon, and saw 2 of its levels.

You collected 23 gold pieces.

Inventory:

Hand Weapons
 i - a +3 mace (weapon)
Missiles
 f - 17 poisoned darts
Armour
 a - a +0 robe (worn)
 j - a +0 helmet (worn)
Scrolls
 b - a scroll of identify {unknown}
 d - a scroll of immolation {unknown}
 e - a scroll of magic mapping {unknown}
 g - a scroll of brand weapon {unknown}
 h - 2 scrolls of enchant armour {unknown}


   Skills:
 * Level 0.4 Fighting
 + Level 1.9 Dodging
 + Level 1.9 Stealth
 * Level 2.3 Spellcasting
 + Level 1.3 Transmutations
 * Level 0.9 Air Magic
 * Level 3.3 Poison Magic


You had 3 spell levels left.
You knew the following spells:

 Your Spells              Type           Power      Damage    Failure   Level
a - Sting                 Tmut/Pois      48%        1d5       5%          1
b - Poisonous Vapours     Pois/Air       22%        N/A       9%          2

Your spell library contained the following spells:

 Spells                   Type           Power      Damage    Failure   Level
 Mephitic Cloud           Conj/Pois/Air  8%         N/A       24%         3
 Olgreb's Toxic Radiance  Pois           16%        N/A       34%         4


Dungeon Overview and Level Annotations

Branches:
Dungeon (2/15)

Annotations:
D:2 Terence


Innate Abilities, Weirdness & Mutations

Your attributes grow dramatically as you level up.
You have an increased reservoir of magic. (+10% MP)
You shall have no god before yourself.


Message History

Casting: Sting (safe; 5% risk of failure)
Confirm with . or Enter, or press ? or * to list all spells.
Aiming: Sting (safe; 5% risk of failure)
Press: ? - help, Shift-Dir - straight line, f/p - adder
Aim: an adder (almost dead, poisoned, 53% to hit)
You miscast Sting.
You are very lightly contaminated with residual magic.
Nothing appears to happen.
The adder bites you.
* * * LOW HITPOINT WARNING * * *
You are lethally poisoned!
The adder poisons you! The adder closely misses you.
Unknown command.
* * * LOW HITPOINT WARNING * * *
You feel sick.
Unknown command.
* * * LOW HITPOINT WARNING * * *
You feel sick.
Unknown command.
Unknown command.
You aren't carrying any potions.
Unknown command.
Unknown command.
Casting: Sting (safe; 5% risk of failure)
Confirm with . or Enter, or press ? or * to list all spells.
Aiming: Sting (safe; 5% risk of failure)
Press: ? - help, Shift-Dir - straight line, f/p - adder
Aim: an adder (almost dead, poisoned, 53% to hit)
The sting hits the adder.
The adder looks even sicker.
You kill the adder!
* * * LOW HITPOINT WARNING * * *
You feel sick.
Unknown command.
* * * LOW HITPOINT WARNING * * *
You feel sick.
Unknown command.
Casting: Sting (safe; 5% risk of failure)
Confirm with . or Enter, or press ? or * to list all spells.
You don't have enough magic to cast this spell.
Unknown command.
Are you sure you want to abandon this character and quit the game? (Confirm with "yes".)

#.# ##.# ..#..#. ..# ....... ...
... ..# #.#####.##### #.#
#.###............ #(#.##.# #.#
#..# #####<....# #.#.##.# #.#
#..## #.......... .......####
#.###...# #.###.##### ..........#
#.o.@.#.###.# #.# #.#.#..##.#
#r###.#..##.###.##### .......##.#
#.# #.##......)......
#.#.#..##.###.###.##..#.#........
.......##)..or............#..####
..#.....or###.#.................
###....##.###.##..###.###.#..###
##................# #.# #....#
.......†............... ......


You could see an orc and a rat.

Vanquished Creatures
  An orc priest (D:2)
  An adder (D:2)
  A dart slug (D:1)
  An orc (D:2)
  2 endoplasms (D:1)
  A goblin (D:1)
  A hobgoblin (D:1)
  3 kobolds
  4 ball pythons (D:1)
  5 bats (D:1)
  2 frilled lizards (D:1)
  3 rats
25 creatures vanquished.

Notes
Turn   | Place    | Note
-------+----------+-------------------------------------------
     0 | D:1      | Morbidden the Demigod Venom Mage began the quest for the
                  | Orb.
     0 | D:1      | Reached XP level 1. HP: 14/14 MP: 5/5
   324 | D:1      | Reached skill level 1 in Transmutations
   408 | D:1      | Reached skill level 3 in Poison Magic
   705 | D:1      | Reached XP level 2. HP: 20/20 MP: 5/7
   929 | D:1      | Learned a level 2 spell: Poisonous Vapours
  1365 | D:2      | Reached XP level 3. HP: 5/27 MP: 3/9
  1370 | D:2      | Noticed Terence
  1404 | D:2      | HP: 1/27 [poisoned by an adder]
  1405 | D:2      | Quit the game

Illustrated notes

Levels and vault maps discovered:
D:1:      minmay_arrival_pointy, layout_basic,
          hellmonk_ecumenical_altar_lost_god, minmay_misc_feat_hallway
D:2:      layout_basic, uniq_terence

Skill      XL: |  1  2 |
---------------+-------+-----
Transmutations | 1 |  1.3
Poison Magic   | 3 |  3.3
Spellcasting   | 2 |  2.3
Fighting       | |  0.4
Dodging        | |  1.9
Stealth        | |  1.9
Air Magic      | |  0.9

Action                   || total
-------------------------++-------
Melee: Unarmed           ||     3
 Cast: Sting             ||    44
       Poisonous Vapours ||     4
  Use: Potion            ||     1
Armor: Robe              ||     9
Dodge: Dodged            ||    18

Table legend: (Time is in decaauts)
 A = Elapsed time spent in this place.
 B = Non-inter-level travel time spent in this place.
 C = Inter-level travel time spent in this place.
 D = Time resting spent in this place.
 E = Time spent auto-exploring this place.
 F = Levels seen in this place.
 G = Mean time per level.
                   A        B        C        D        E       F      G
               +--------+--------+--------+--------+--------+-----+--------+
         Total |   1404 |   1367 |     37 |      0 |   1143 |   2 |  702.0 |
       Dungeon |   1404 |   1367 |     37 |      0 |   1143 |   2 |  702.0 |
               +--------+--------+--------+--------+--------+-----+--------+

Top non-repeatable levels by time:
     D:1: 1285 daAuts
     D:2: 119 daAuts
